 Dungeon Crawl Stone Soup version 0.15.1-1-gfacfea3 (webtiles) character file.

19736 CrazyArbalest the Unseen (level 12, -22/58 HPs)
             Began as a Spriggan Enchanter on Sept 21, 2014.
             Was a High Priest of Dithmenos.
             Shot with a bolt by an orc warlord (46 damage)
             ... on Level 4 of the Orcish Mines.
             The game lasted 02:36:00 (18332 turns).

CrazyArbalest the Unseen (Spriggan Enchanter)      Turns: 18332, Time: 02:36:02

HP -22/58        AC  9     Str  6      XL: 12   Next: 39%
MP  27/27        EV 32     Int 18      God: Dithmenos [*****.]
Gold 1812        SH  0     Dex 21      Spells:  3 memorised, 10 levels left

rFire  . . .     SeeInvis +     b - +6 hand crossbow
rCold  . . .     Clarity  .     S - +2 robe {MR+}
rNeg   . . .     rCorr    +     (shield restricted)
rPois  .         rRot     .     k - +2 hat
rElec  .         Spirit   .     T - +2 cloak
SustAb .         Warding  .     (gloves unavailable)
rMut   .         Stasis   .     (boots unavailable)
Gourm  .                        s - amulet of resist corrosion
MR     +++..                    R - +3 ring of dexterity
                                i - ring of flight

@: wreathed by umbra, very quick, extremely resistant to hostile enchantments,
uncannily stealthy
A: unfitting armour, see invisible, herbivore 3, speed 3, slow metabolism 2
a: Shadow Step, Shadow Form, Renounce Religion, Evoke Flight


You were on level 4 of the Orcish Mines.
You worshipped Dithmenos.
Dithmenos was extremely pleased with you.
You were not hungry.

You visited 4 branches of the dungeon, and saw 18 of its levels.
You also visited: Sewer and Ossuary.

You collected 2364 gold pieces.
You spent 552 gold pieces at shops.

Inventory:

Hand weapons
 a - a +2 dagger of venom
 b - a +6 hand crossbow (weapon)
 c - a +0 cutlass
 o - a +0 dagger of protection
 F - a +0 dagger of speed
Missiles
 f - 37 bolts (quivered)
Armour
 k - a +2 hat (worn)
 m - a +0 troll leather armour
 S - a +2 robe of magic resistance (worn)
 T - a +2 cloak (worn)
 X - a +1 robe of positive energy
Magical devices
 n - a wand of heal wounds (3)
 x - a wand of digging (17)
 D - a wand of cold (0)
 L - a wand of slowing (20)
 Y - a wand of cold (7)
Comestibles
 l - 9 bread rations
Scrolls
 e - 2 scrolls of remove curse
 g - 5 scrolls of magic mapping
 h - a scroll of blinking
 u - 7 scrolls of teleportation
Jewellery
 i - a ring of flight (left hand)
 s - an amulet of resist corrosion (around neck)
 y - an uncursed amulet of resist mutation
 R - a +3 ring of dexterity (right hand)
Potions
 q - 2 potions of haste
 A - a potion of heal wounds
 N - 4 potions of curing
Miscellaneous
 O - a box of beasts


   Skills:
 + Level 4.5 Fighting
 + Level 10.1 Short Blades
   Level 2.1 Maces & Flails
 + Level 9.7 Crossbows
 + Level 13.5 Dodging
 + Level 15.2 Stealth
 + Level 4.2 Spellcasting
 + Level 4.6 Hexes
 + Level 0.8 Invocations
 + Level 2.3 Evocations


You had 10 spell levels left.
You knew the following spells:

 Your Spells              Type           Power        Failure   Level  Hunger
a - Enslavement           Hex            ###.....     24%         4    ####...
b - Confuse               Hex            ###.....     10%         3    ###....
c - Sure Blade            Hex/Chrm       ##........   12%         2    #......


Dungeon Overview and Level Annotations

Branches:
Dungeon (10/15)            Temple (1/1) D:4             Orc (4/4) D:10
    Elf (0/3) Orc:3          Lair (3/8) D:8
  Swamp: Lair:3-6    Shoals: Lair:3-6     Snake: Lair:3-6    Spider: Lair:3-6

Altars:
Ashenzari
Cheibriados
Dithmenos
Elyvilon
Fedhas
Kikubaaqudgha
Makhleb
Nemelex Xobeh
Okawaru
Qazlal
Sif Muna
Trog
Vehumet
Xom
Yredelemnul
Zin
The Shining One

Shops:
D:5 %(   Orc:1 (   Orc:2 *

Annotations:
D:9 Charly's ghost, experienced OgHu


Innate Abilities, Weirdness & Mutations

You are tiny and cannot use many weapons and most armour.
You have supernaturally acute eyesight.
You are a herbivore.
You cover ground extremely quickly.
You need consume almost no food.


Message History

The orc warlord is lightly wounded.
Your shadow shoots a bolt.
The bolt hits the orc warlord but does no damage.
The bolt disappears in a puff of smoke!
The orc warlord shoots a bolt.
The bolt completely misses you.
Firing (i - inventory):
f - 39 bolts (quivered)
Press: ? - help, Shift-Dir - straight line, f/p - orc warlord
Aim: an orc warlord, wielding a glowing arbalest and wearing a plate armour (lightly wounded, umbra)
You shoot a bolt.
The bolt completely misses the orc warlord.
Firing (i - inventory):
f - 38 bolts (quivered)
Press: ? - help, Shift-Dir - straight line, f/p - orc warlord
Aim: an orc warlord, wielding a glowing arbalest and wearing a plate armour (lightly wounded, umbra)
You shoot a bolt. The bolt hits the orc warlord.
The orc warlord is lightly wounded.
Your shadow shoots a bolt.
The bolt barely misses the orc warlord.
The bolt disappears in a puff of smoke!
The orc warlord shoots a bolt.
The bolt hits you!!!
Ouch! That really hurt!
You die...

## ###....#.....#.# .###
##.##...'..8..#.# .#.##
#.......#.....#.# ....#
###.......##.).##.#
....####..........#####..#
......###.............(..#
........#.............(###
........#....#(..§.....###
............###§@§§§.....#
.............##§§§§...).####
#...........######(..(...#.##
###........## ###..o)..<...###
*...........####......(.o.###.##
*...........#.##....((..#.##...#
,.............#.......(.#####.##
.o...........)#......##.####...##
,,....#...............###.##..O#.


You could see an orc warlord.

Vanquished Creatures
  A hydra (Lair:1)
  An ogre mage (Orc:2)
  Erolcha (Orc:3)
  A hill giant (D:7)
  An orc sorcerer (Orc:1)
  2 black mambas (Lair:3)
  Psyche (D:8)
  A feature mimic (Orc:2)
  A komodo dragon (Lair:3)
  2 trolls
  A spiny frog (Lair:2)
  Grinder (D:4)
  A deep elf mage (D:10)
  A wandering mushroom (D:8)
  13 yaks
  A spriggan (Lair:1)
  A hungry ghost (D:8)
  Eustachio (D:6)
  Grum (Orc:3)
  A wyvern (D:8)
  2 hippogriffs (Lair:3)
  Edmund (D:4)
  Menkaure (D:5)
  9 wolves
  7 water moccasins
  An ice beast (D:10)
  2 yellow wasps
  4 porcupines
  12 orc warriors
  2 sky beasts
  12 ogres
  2 necrophages
  6 centaurs
  4 crocodiles
  An elf zombie (Ossuary)
  4 big kobolds (Sewer)
  Blork the orc (D:6)
  13 giant frogs
  11 killer bees (D:9)
  A yak zombie (D:8)
  2 scorpions
  3 wights (D:6)
  3 crimson imps
  21 orc priests
  A goliath beetle (D:7)
  A yak skeleton (D:9)
  7 jellies
  2 human zombies (Ossuary)
  14 two-headed ogre zombies (Orc:2)
  30 orc wizards
  A giant frog skeleton (D:6)
  A two-headed ogre skeleton (D:8)
  An elf skeleton (D:10)
  5 hounds
  5 worker ants
  Natasha (thrice) (D:6)
  9 iguanas
  A killer bee zombie (D:10)
  5 sheep (Lair:3)
  3 mummies (Ossuary)
  20 adders
  10 green rats
  4 gnolls (D:7)
  4 giant mites
  2 shadow imps
  4 worms
  3 adder zombies (Ossuary)
  An iguana zombie (D:7)
  4 giant geckos
  6 oozes
  134 orcs
  A bat skeleton (D:4)
  A bat zombie (D:7)
  8 giant cockroaches
  2 gnoll zombies (D:7)
  23 hobgoblins
  12 quokkas
  4 ball pythons
  16 bats
  8 giant newts
  19 goblins
  A goblin skeleton (D:5)
  3 goblin zombies
  2 hobgoblin zombies (Ossuary)
  22 kobolds
  2 kobold zombies (Ossuary)
  3 orc skeletons
  5 orc zombies
  3 quokka zombies
  17 rats
  3 rat zombies (Ossuary)
  A fungus (D:8)
  3 plants
599 creatures vanquished.

Vanquished Creatures (others)
  2 orcs (Orc:2)
2 creatures vanquished.

Grand Total: 601 creatures vanquished

Notes
Turn   | Place    | Note
--------------------------------------------------------------
     0 | D:1      | CrazyArbalest, the Spriggan Enchanter, began the quest for the Orb.
     0 | D:1      | Reached XP level 1. HP: 9/9 MP: 4/4
   187 | D:1      | Reached XP level 2. HP: 13/13 MP: 7/7
   222 | D:1      | Reached skill level 5 in Stealth
   692 | D:2      | Reached XP level 3. HP: 16/16 MP: 9/9
  1059 | D:2      | Reached skill level 6 in Stealth
  1447 | D:3      | Found a glowing drain.
  1455 | D:3      | Reached XP level 4. HP: 17/21 MP: 12/12
  1544 | Sewer    | Entered a sewer
  1888 | Sewer    | Noticed a big kobold
  1888 | Sewer    | Noticed a big kobold
  1907 | Sewer    | Killed a big kobold
  1907 | Sewer    | Reached skill level 7 in Stealth
  1907 | Sewer    | Reached XP level 5. HP: 16/25 MP: 15/15
  1925 | Sewer    | Killed a big kobold
  1925 | Sewer    | Reached skill level 1 in Fighting
  1925 | Sewer    | Reached skill level 1 in Maces & Flails
  1925 | Sewer    | Reached skill level 5 in Dodging
  2185 | Sewer    | Noticed a big kobold
  2200 | Sewer    | Killed a big kobold
  2200 | Sewer    | Reached XP level 6. HP: 15/30 MP: 17/17
  2594 | Sewer    | Noticed a big kobold
  2616 | Sewer    | Killed a big kobold
  2616 | Sewer    | Reached skill level 8 in Stealth
  2962 | D:3      | Learned a level 3 spell: Confuse
  3233 | D:3      | Found an iron altar of Okawaru.
  3443 | D:4      | Found a staircase to the Ecumenical Temple.
  3443 | D:4      | Noticed Grinder
  3450 | D:4      | Learned a level 2 spell: Sure Blade
  3482 | Temple   | Entered the Ecumenical Temple
  3730 | Temple   | Became a worshipper of Dithmenos the Shadowed
  3921 | D:4      | Reached XP level 7. HP: 33/33 MP: 13/19
  3929 | D:4      | Killed Grinder
  3973 | D:4      | Reached skill level 1 in Evocations
  4053 | D:4      | Noticed Edmund
  4056 | D:4      | Killed Edmund
  4056 | D:4      | Reached skill level 9 in Stealth
  4221 | D:5      | Entered Level 5 of the Dungeon
  4303 | D:5      | Reached XP level 8. HP: 35/39 MP: 21/21
  4488 | D:5      | Found Gieze's Antique Weapon Shoppe.
  4505 | D:5      | Bought a runed dagger for 42 gold pieces
  4524 | D:5      | Noticed Menkaure
  4532 | D:5      | Killed Menkaure
  4532 | D:5      | Reached skill level 10 in Stealth
  4547 | D:5      | Found Asokhept's Food Shop.
  4739 | D:6      | Noticed Eustachio
  4741 | D:6      | Killed Eustachio
  4769 | D:6      | Noticed Blork the orc
  4772 | D:6      | Killed Blork the orc
  4840 | D:6      | Reached skill level 11 in Stealth
  4970 | D:6      | Noticed Natasha
  4973 | D:6      | Killed Natasha
  5309 | D:6      | Noticed Natasha
  5323 | D:6      | Killed Natasha
  5373 | D:6      | Reached XP level 9. HP: 41/43 MP: 23/23
  5382 | D:6      | Reached skill level 5 in Short Blades
  5412 | D:6      | Noticed Natasha
  5421 | D:6      | Killed Natasha
  5685 | D:7      | Acquired Dithmenos' first power
  5866 | D:7      | Reached skill level 12 in Stealth
  6225 | D:7      | Reached skill level 10 in Dodging
  6314 | D:7      | Noticed a hill giant
  6317 | D:7      | Killed a hill giant
  6736 | D:7      | Reached XP level 10. HP: 24/49 MP: 25/25
  6826 | D:7      | Found a blossoming altar of Fedhas.
  6827 | D:7      | Found an ancient bone altar of Kikubaaqudgha.
  6889 | D:8      | Found a sand-covered staircase.
  6972 | D:8      | Noticed Psyche
  7009 | D:8      | Killed Psyche
  7009 | D:8      | Acquired Dithmenos' second power
  7088 | D:8      | Noticed a hill giant
  7161 | Ossuary  | Entered an ossuary
  7164 | Ossuary  | HP: 2/49 [mummy (13)]
  7530 | D:8      | Found a staircase to the Lair.
  8015 | D:8      | Acquired Dithmenos' third power
  8015 | D:8      | Reached skill level 13 in Stealth
  8171 | D:8      | Learned a level 4 spell: Enslavement
  8398 | D:9      | Noticed Charly's ghost (experienced OgHu)
  9267 | D:9      | Reached skill level 1 in Crossbows
  9428 | D:10     | Entered Level 10 of the Dungeon
  9517 | D:10     | Found a staircase to the Orcish Mines.
 10150 | D:10     | Reached skill level 5 in Crossbows
 10487 | D:10     | Reached XP level 11. HP: 53/53 MP: 27/27
 11155 | Lair:1   | Entered Level 1 of the Lair of Beasts
 11161 | Lair:1   | Acquired Dithmenos' fourth power
 11787 | Lair:1   | Noticed a five-headed hydra
 11789 | Lair:1   | Noticed a spriggan rider
 11918 | Lair:1   | Killed a five-headed hydra
 13609 | Lair:3   | Reached skill level 14 in Stealth
 13885 | Lair:3   | Found a stormy altar of Qazlal.
 14363 | Lair:1   | Killed a yellow wasp
 14368 | Lair:1   | Killed a spriggan
 14770 | Orc:1    | Entered Level 1 of the Orcish Mines
 15079 | Orc:1    | Found Gaesch's Antique Weapon Shoppe.
 15619 | Orc:2    | Reached XP level 12. HP: 52/58 MP: 27/27
 15744 | Orc:2    | Noticed an ogre mage
 15777 | Orc:2    | Killed an ogre mage
 16433 | Orc:2    | Found Wuirrof's General Store.
 16457 | Orc:2    | Bought a scroll of magic mapping for 35 gold pieces
 16457 | Orc:2    | Bought a wand of heal wounds (3) for 420 gold pieces
 16457 | Orc:2    | Bought a scroll of magic mapping for 35 gold pieces
 16457 | Orc:2    | Bought a potion of curing for 20 gold pieces
 16519 | Orc:3    | Reached skill level 10 in Short Blades
 16824 | Orc:3    | Noticed Grum
 16849 | Orc:3    | Killed Grum
 16875 | Orc:3    | Reached skill level 15 in Stealth
 16902 | Orc:3    | Found a staircase to the Elven Halls.
 17644 | Orc:3    | Noticed Erolcha
 17694 | Orc:3    | Killed Erolcha
 17973 | Orc:4    | Entered Level 4 of the Orcish Mines
 18081 | Orc:4    | Noticed an orc warlord
 18155 | Orc:4    | Noticed an orc warlord
 18332 | Orc:4    | Shot with a bolt by an orc warlord

Action                   |  1- 3 |  4- 6 |  7- 9 | 10-12 || total
-------------------------+-------+-------+-------+-------++-------
Melee: Dagger            |    15 |    75 |   318 |  1308 ||  1716
       Whip              |    88 |   177 |       |       ||   265
       Flail             |       |       |    21 |       ||    21
       Cutlass           |       |       |   181 |   394 ||   575
 Fire: Hand crossbow     |       |       |       |   248 ||   248
 Cast: Confuse           |       |     4 |     5 |     1 ||    10
Invok: Shadow Step       |       |       |       |     4 ||     4
 Abil: Evoke Flight      |       |       |       |     5 ||     5
       Stop Flying       |       |       |       |     2 ||     2
Evoke: Wand              |       |     2 |     2 |     9 ||    13
  Use: Scroll            |     1 |     8 |     3 |    34 ||    46
       Potion            |       |       |     1 |     2 ||     3
 Stab: Sleeping          |    16 |     5 |    27 |   109 ||   157
       Confused          |       |       |     3 |       ||     3
       Distracted        |       |       |       |     8 ||     8
  Eat: Pizza             |       |     1 |       |       ||     1
       Fruit             |       |       |     2 |    18 ||    20
